 Dungeon Crawl Stone Soup version 0.30-a0-51-g784eafce7f (webtiles) character file.

Game seed: 15985794925293449542

6 omnomnOMINOUS the Sneak (level 1, -2/12 HPs)
             Began as an Octopode Wanderer on Sept 6, 2022.
             Slain by a kobold
             ... wielding a +0 whip
              (4 damage)
             ... on level 1 of the Dungeon.
             The game lasted 00:00:44 (84 turns).

omnomnOMINOUS the Sneak (Octopode Wanderer)           Turns: 84, Time: 00:00:45

Health: -2/12      AC:  1    Str:  8    XL:     1   Next: 90%
Magic:  0/2        EV: 13    Int: 13    God:
Gold:   7          SH:  0    Dex: 15    Spells: 1/2 levels left

rFire   . . .      SeeInvis .    a - +2 sling
rCold   . . .      Faith    .    (no shield)
rNeg    . . .      Spirit   .    b - +0 hat
rPois   .          Reflect  .    (no amulet)
rElec   .          Harm     .    (no ring)
rCorr   .          Rampage  .    (no ring)
Will    .....                    (no ring)
Stlth   ++++......               (no ring)
HPRegen 0.04/turn                (no ring)
MPRegen 0.08/turn                (no ring)
                                 (no ring)
                                 (no ring)

@: no status effects
A: almost no armour, amphibious, 8 rings, camouflage 1, gelatinous body 1,
(nimble swimmer 1), tentacles
a: no special abilities


You were on level 1 of the Dungeon.
You visited 1 branch of the dungeon, and saw 1 of its levels.

You collected 7 gold pieces.

Inventory:

Hand Weapons
 a - a +2 sling (weapon)
Armour
 b - a +0 hat (worn)
Potions
 c - a potion of curing


   Skills:
 + Level 0.4 Fighting
 + Level 2.1 Ranged Weapons
 + Level 2.1 Dodging
 - Level 4.0 Stealth
 + Level 1.2 Spellcasting
 - Level 2.0 Necromancy


You had one spell level left.
You knew the following spells:

 Your Spells              Type           Power      Damage    Failure   Level
a - Necrotise             Necr           20%        1d5       12%         1

Your spell library contained the following spells:

 Spells                   Type           Power      Damage    Failure   Level
 Vampiric Draining        Necr           5%         2d6       36%         3


Dungeon Overview and Level Annotations

Branches:
Dungeon (1/15)

Altars:


Innate Abilities, Weirdness & Mutations

You cannot wear most types of armour.
You are amphibious.
You can wear up to eight rings at the same time.
Your skin changes colour to match your surroundings (Stealth+).
Your rubbery body absorbs attacks. (AC +1, EV +1)
((You are camouflaged when in or above water. (Stealth+)))
You have tentacles for arms and can constrict up to eight enemies at once.


Message History

You shoot a sling bullet.
The sling bullet hits the giant cockroach but does no damage.
You hear a shout!
A bat comes into view.
The bat closely misses you.
You shoot a sling bullet. The sling bullet hits the bat.
You kill the bat!
A kobold comes into view. It is wielding a +0 dagger.
You shoot a sling bullet.
The sling bullet hits the giant cockroach.
You kill the giant cockroach!
You shoot a sling bullet.
The sling bullet barely misses the kobold.
The sling bullet closely misses the kobold.
You shoot a sling bullet. The sling bullet hits the kobold.
The kobold is moderately wounded.
The kobold hits you with a +0 dagger.
You shoot a sling bullet. The sling bullet hits the kobold.
You kill the kobold!
The kobold misses you.
You shoot a sling bullet.
The sling bullet completely misses the kobold.
The kobold hits you with a +0 whip.
You are too injured to fight recklessly!
You are too injured to fight recklessly!
You are too injured to fight recklessly!
You are too injured to fight recklessly!
Unknown command.
Aiming: Necrotise (safe; 12% risk of failure)
Press: ? - help, Q - select action, (/) - cycle Shift-Dir - straight line, f/p - kobold
Aim: a kobold, wielding a +0 whip (chance to affect: 67%)
The kobold struggles to resist.
The kobold hits you with a +0 whip.
* * * LOW HITPOINT WARNING * * *
Aiming: Necrotise (safe; 12% risk of failure)
Press: ? - help, Q - select action, (/) - cycle Shift-Dir - straight line, f/p - kobold
Aim: a kobold, wielding a +0 whip (chance to affect: 67%)
The kobold writhes in agony.
The kobold hits you with a +0 whip.
You die...

.........#####......#
.............#......
.......#.###.#.....
.....#.....#.....#
.........#.#.....+
.....###...#.....#
.................#
####...#.#.......#
+...#...P♣...@# #..
#....♣...K)...... #..
#...♣...##.......
#..♣P...# .!.....
......†..# .......
.........# .......
....... ....... ....
.......


You could see a kobold.

Vanquished Creatures
  A dart slug (D:1)
  A giant cockroach (D:1)
  A bat (D:1)
  A kobold (D:1)
  A rat (D:1)
5 creatures vanquished.

Notes
Turn   | Place    | Note
-------+----------+-------------------------------------------
     0 | D:1      | omnomnOMINOUS the Octopode Wanderer began the quest for the
                  | Orb.
     0 | D:1      | omnomnOMINOUS set off with the following items: a +2 sling,
                  | a +0 hat, a potion of curing; and the following spell
                  | memorised: Necrotise; and the following spells available to
                  | memorise: Vampiric Draining.
     0 | D:1      | Reached XP level 1. HP: 11/11 MP: 2/2
    84 | D:1      | Slain by a kobold

Illustrated notes

Levels and vault maps discovered:
D:1:      wander_arrival_chamber, layout_basic, chequers_decorated_corner,
          serial_park_tiny_2, minivault_5, due_unseen_surprise

Action                   || total
-------------------------++-------
 Fire: Sling             ||    11
 Cast: Necrotise         ||     2
Dodge: Dodged            ||     2

Table legend: (Time is in decaauts)
 A = Elapsed time spent in this place.
 B = Non-inter-level travel time spent in this place.
 C = Inter-level travel time spent in this place.
 D = Time resting spent in this place.
 E = Time spent auto-exploring this place.
 F = Levels seen in this place.
 G = Mean time per level.
                   A        B        C        D        E       F      G
               +--------+--------+--------+--------+--------+-----+--------+
         Total |     87 |     87 |      0 |      0 |     68 |   1 |   87.0 |
       Dungeon |     87 |     87 |      0 |      0 |     68 |   1 |   87.0 |
               +--------+--------+--------+--------+--------+-----+--------+

Top non-repeatable levels by time:
     D:1: 87 daAuts
